 Dungeon Crawl Stone Soup version 0.20-a0-927-g1ae2c61 (console) character file.

1221438 nht the Axe Maniac (level 27, -1/273 HPs)
             Began as a Hill Orc Fighter on Mar 28, 2017.
             Was the Champion of Zin.
             Killed by the effects of Hell (27 damage)
             ... on level 7 of Tartarus on Mar 29, 2017.
             The game lasted 04:29:49 (83676 turns).

nht the Axe Maniac (Hill Orc Fighter)              Turns: 83676, Time: 04:29:50

Health: -1/273     AC: 50    Str: 39    XL:     27
Magic:  49/49      EV: 23    Int:  5    God:    Zin [******]
Gold:   2921       SH: 42    Dex: 14    Spells: 26/26 levels left

rFire    + . .     SeeInvis +   a - +8 mithril axe "Arga" {speed, MR+}
rCold    + + +     Gourm    .   z - +7 large shield "Erchyriy" {MR+ MP+9 Dex+4}
rNeg     + + .     Faith    .   T - +9 gold dragon scales
rPois    +         Spirit   .   (no helmet)
rElec    .         Reflect  +   K - +2 cloak of the Thief {+Fog Slay-2 SInv Stlth+}
rCorr    .         Harm     .   J - +2 pair of gloves {Str+3}
MR       ++++.                  D - +4 pair of boots of the Elven Halls {rC+ Regen+ Str+5 Int-4}
Stlth    ..........             F - amulet of Deuzilof {Reflect rC+ Slay+2 SH+5}
Regen    1.0/turn               s - ring "Yddapte" {rN++ SInv}
MPRegen  0.4/turn               C - ring of Shadows {Umbra +Inv Stlth+}

@: wreathed by umbra
A: no striking features
}: 13/15 runes: decaying, slimy, silver, golden, iron, obsidian, icy, demonic,
glowing, magical, fiery, dark, gossamer
a: Recite, Vitalisation, Imprison, Sanctuary, Donate Gold, Renounce Religion,
Evoke Fog, Evoke Invisibility


You were on level 7 of Tartarus.
You worshipped Zin.
Zin was exalted by your worship.
You were not hungry.

You visited 18 branches of the dungeon, and saw 89 of its levels.
You visited Pandemonium 2 times, and saw 27 of its levels.
You visited 2 bazaars.
You also visited: Sewer, Ice Cave and Volcano.

You collected 39944 gold pieces.
You spent 12082 gold pieces at shops.
You donated 3932 gold pieces to Zin.
You paid 21009 gold pieces to Gozag.

Inventory:

Hand Weapons
 a - the +8 mithril axe "Arga" (weapon) {speed, MR+}
   (You took it off a yaktaur on level 1 of the Vaults)

   Attacks with this weapon are significantly faster.
   It affects your resistance to hostile enchantments.
 N - a +9 executioner's axe of holy wrath
Armour
 h - a scarf of resistance
 l - a +2 helmet of intelligence
 z - the +7 large shield "Erchyriy" (worn) {MR+ MP+9 Dex+4}
   (You took it off Mennas on level 3 of the Crypt)

   It affects your dexterity (+4).
   It affects your resistance to hostile enchantments.
   It affects your magic capacity (+9).
 D - the +4 pair of boots of the Elven Halls (worn) {rC+ Regen+ Str+5 Int-4}
   (You bought it in a shop on level 4 of the Dungeon)

   It affects your strength (+5).
   It affects your intelligence (-4).
   It protects you from cold.
   It increases your rate of regeneration.
 J - a +2 pair of gloves of strength (worn)
 K - the +2 cloak of the Thief (worn) {+Fog Slay-2 SInv Stlth+}
   (You found it on level 3 of the Elven Halls)

   It affects your accuracy and damage with ranged weapons and melee attacks
   (-2).
   It lets you see invisible.
   It makes you more stealthy.
 T - +9 gold dragon scales (worn)
Jewellery
 k - an uncursed ring of protection from fire
 s - the ring "Yddapte" (left hand) {rN++ SInv}
   (You found it on level 5 of the Pits of Slime)

   [ring of see invisible]

   It greatly protects you from negative energy.
   It lets you see invisible.
 C - the ring of Shadows (right hand) {Umbra +Inv Stlth+}
   (You bought it in a shop on level 11 of the Dungeon)

   [ring of stealth]

   It lets you turn invisible.
   It makes you more stealthy.
 F - the amulet of Deuzilof (around neck) {Reflect rC+ Slay+2 SH+5}
   (You bought it in a shop on level 11 of the Dungeon)

   [amulet of reflection]

   It shields you and reflects attacks.
   It affects your accuracy and damage with ranged weapons and melee attacks
   (+2).
   It protects you from cold.
   It affects your SH (+5).
 P - the ring of Zeedar {rElec rPois rN+}
   (You found it on level 3 of the Crypt)

   [ring of positive energy]

   It insulates you from electricity.
   It protects you from poison.
   It protects you from negative energy.
 Y - an uncursed ring of resist corrosion
Wands
 f - a wand of digging (17/24)
 u - a wand of acid (5/15)
 H - a wand of iceblast (10/15)
 R - a wand of disintegration (12/24)
 S - a wand of disintegration (15/24)
 V - a wand of iceblast (7/15)
Scrolls
 b - 4 scrolls of holy word
 g - 6 scrolls of silence
 m - 30 scrolls of remove curse
 w - 24 scrolls of identify
 y - 2 scrolls of teleportation
 G - 12 scrolls of fog
 L - 13 scrolls of blinking
 Q - 13 scrolls of recharging
 X - 4 scrolls of magic mapping
Potions
 c - 2 potions of cancellation
 d - a potion of might
 i - 15 potions of heal wounds
 j - 3 potions of agility
 o - 27 potions of curing
 p - 9 potions of flight
 t - 4 potions of resistance
Miscellaneous
 q - a fan of gales
 v - 2 phantom mirrors
 x - a phial of floods
 A - a lightning rod (4/4)
 B - 5 sacks of spiders
 I - a fan of gales
 M - a fan of gales
 O - a lightning rod (4/4)
 U - a phial of floods
 Z - a lightning rod (4/4)
Comestibles
 n - 38 meat rations
 r - 14 royal jellies


   Skills:
 O Level 27 Fighting
 O Level 27 Axes
 O Level 27 Armour
 + Level 24.9 Dodging
 O Level 27 Shields
 O Level 27 Invocations
 - Level 19.0 Evocations


You had 26 spell levels left.
You didn't know any spells.

Dungeon Overview and Level Annotations

Branches:
Dungeon (15/15)            Temple (1/1) D:4            Lair (6/6) D:11
  Swamp (4/4) Lair:2       Spider (4/4) Lair:3        Slime (5/5) Lair:5
    Orc (2/2) D:12            Elf (3/3) Orc:2        Vaults (5/5) D:13
  Crypt (3/3) Vaults:2       Tomb (3/3) Crypt:3      Depths (5/5) D:15
   Hell (1/1)                 Dis (7/7) Hell            Geh (7/7) Hell
    Coc (7/7) Hell            Tar (7/7) Hell            Zot (4/5) Depths:5

Altars:
Ashenzari
Cheibriados
Dithmenos
Elyvilon
Fedhas
Gozag
Hepliaklqana
Kikubaaqudgha
Makhleb
Nemelex Xobeh
Okawaru
Qazlal
Ru
Sif Muna
Trog
Uskayaw
Vehumet
Wu Jian
Xom
Yredelemnul
Zin
The Shining One
Jiyva

Shops:
D:4 [(?[   D:9 !   D:11 !?[=*=   D:13 *?[   Orc:2 *?%}   Depths:3 =!=}}

Portals:
Hell: Depths:1 Depths:2 Depths:3 Depths:4 Depths:5
Abyss: Depths:4
Pandemonium: Depths:3 Depths:5
Ziggurat: Depths:5
Trove: Depths:4 (give horn of Geryon)

Annotations:
Lair:4 Sonja
Geh:7 exclusion: 4 doors
Coc:7 exclusion: ice statue


Message History

The hellion gestures at you.
The sphere of damnation explodes!
The damnation engulfs you!
* * * LOW HITPOINT WARNING * * *
The damnation engulfs the hellion.
The hellion completely resists.
You slash the hellion!
The hellion is heavily wounded.
You block the hellion's attack.
You barely miss the hellion.
The hellion is heavily wounded.
A flayed ghost comes into view.
You slash the hellion!
The hellion is severely wounded.
The hellion hits you but does no damage.
You slice the hellion!!
You kill the hellion!
You barely miss the flayed ghost. The reaper completely misses you.
The flayed ghost closely misses you. "Trespassers are not welcome here!"
You convulse helplessly as pain tears through your body!
You die... ..2█ █..█ █2.█ █§§█ █§§█ █2§█ █§§█ █§§█ █@W█

█...§§§█
+......█
+......█
█......█
█████..█
█..█
█..█


You could see a flayed ghost.

Vanquished Creatures
  Cerebov (Pan)
  Antaeus (Coc:7)
  Asmodeus (Geh:7)
  Dissolution (Slime:4)
  the Royal Jelly (Slime:5)
  9 pandemonium lords (Pan)
  Gloorx Vloq (Pan)
  Lom Lobon (Pan)
  Mnoleg (Pan)
  Dispater (Dis:7)
  Mennas (Crypt:3)
  4 juggernauts (Depths:4)
  Mara (Elf:3)
  6 ancient liches
  11 greater mummies
  Bai Suzhen (Depths:1)
  Margery (Depths:3)
  A shard shrike (Coc:7)
  Saint Roka (Crypt:2)
  7 curse toes
  A Killer Klown (Zot:3)
  The ghost of Lifeless the Minotaur Barricade, a veteran MiFi of the Shining One (Vaults:4)
  Geryon (Hell)
  Jory (Vaults:4)
  Nikola (Elf:3)
  9 golden dragons
  3 bone dragons
  3 doom hounds
  8 Tzitzimimeh
  13 Brimstone Fiends
  Jorgrun (Swamp:4)
  An electric golem (Zot:3)
  2 iron giants (Dis:7)
  10 liches
  18 Ice Fiends
  10 Hell Sentinels
  24 tentacled monstrosities
  Asterion (Depths:1)
  2 deep elf master archers (Elf:3)
  6 titans
  9 quicksilver dragons
  3 deep elf blademasters
  24 acid blobs
  8 sphinxes
  22 Executioners (Pan)
  10 ancient champions
  9 death cobs
  3 thorn hunters
  14 shadow dragons
  Kirke (Swamp:3)
  14 fire giants
  Donald (Orc:2)
  2 draconian monks
  4 revenants
  23 storm dragons
  20 azure jellies
  3 tengu reavers
  12 iron dragons
  5 draconian knights
  3 draconian scorchers
  10 deep elf sorcerers
  8 frost giants
  9 blood saints (Pan)
  15 vault wardens
  5 ghost moths
  30 balrugs
  Aizul (Depths:3)
  3 draconian stormcallers
  7 emperor scorpions
  41 cacodemons
  6 curse skulls
  5 ghouls
  9 deep elf elementalists
  A draconian shifter (Zot:3)
  8 black suns (Pan)
  8 draconian annihilators
  10 warmongers (Pan)
  14 ironheart preservers
  5 war gargoyles
  20 stone giants
  An elemental wellspring (Coc:1)
  9 vampire knights
  34 reapers
  50 very ugly things
  5 corrupters (Pan)
  3 entropy weavers
  6 bennus
  7 white draconians
  15 green draconians
  Azrael (Orc:2)
  Nessos (Lair:5)
  8 yellow draconians
  21 lorocyprocas
  A spectral titan (Crypt:3)
  4 purple draconians
  6 deep elf demonologists
  11 deep elf annihilators
  10 red draconians
  10 black draconians
  33 blizzard demons
  7 spark wasps
  11 crystal guardians (Depths:2)
  12 ettins
  5 jiangshi
  16 fire dragons
  10 eidola
  11 mummy priests
  8 spectral quicksilver dragons (Crypt:3)
  15 green deaths
  9 deep elf death magi
  18 death oozes
  9 deep elf high priests
  16 great orbs of eyes
  2 quicksilver dragon zombies
  20 yaktaur captains
  2 kraken zombies
  20 ogre magi
  22 ice dragons
  6 hell beasts
  3 spriggan air magi
  13 rakshasas
  Harold (D:12)
  15 centaur warriors
  35 vault guards
  3 ghost crabs
  Erolcha (D:11)
  22 hydras
  10 monstrous demonspawn (Pan)
  An anaconda (shapeshifter) (Vaults:5)
  A catoblepas (Vaults:3)
  41 two-headed ogres
  5 death knights
  5 alligators
  8 deep troll shamans
  A death yak (Lair:6)
  7 hell hogs
  A spectral frost giant (Crypt:3)
  7 deep troll earth magi
  8 tengu warriors
  7 vampire magi
  10 death scarabs
  34 soul eaters
  57 sun demons
  6 spriggan berserkers
  4 titan zombies
  Urug (D:10)
  3 spectral storm dragons (Crypt:3)
  Nergalle (D:10)
  A fire crab (shapeshifter) (Elf:2)
  2 salamander mystics
  2 iron golems
  3 titan skeletons
  2 storm dragon zombies
  26 deep elf knights
  100 skeletal warriors
  48 sixfirhies
  5 storm dragon skeletons
  2 golden dragon zombies
  2 sea snakes (shapeshifter)
  11 iron trolls
  13 hell knights
  A death drake (shapeshifter) (Depths:4)
  13 shadow wraiths
  4 anaconda zombies
  19 deep trolls
  9 shadow demons
  A spriggan druid (Swamp:4)
  13 swamp dragons
  4 unseen horrors
  11 gelid demonspawn (Pan)
  11 torturous demonspawn (Pan)
  2 ghost moth zombies
  A kraken simulacrum (Coc:7)
  19 deep elf archers
  A spectral anaconda (Crypt:3)
  6 glowing orange brains
  9 infernal demonspawn (Pan)
  19 flayed ghosts
  A lindwurm (Lair:6)
  A golden dragon skeleton (Coc:2)
  11 wolf spider zombies
  3 harpies (Vaults:3)
  16 ironbrand convokers
  3 shambling mangroves (Swamp:4)
  A tengu zombie (Vaults:2)
  A swamp dragon (shapeshifter) (Depths:4)
  An orange crystal statue (Depths:2)
  6 wizards
  A spectral wolf spider (Crypt:3)
  21 phantasmal warriors
  12 orc knights
  2 wolf spiders (shapeshifter) (Vaults:5)
  60 deep elf magi
  5 fire giant zombies
  23 orb spiders
  7 anaconda skeletons
  22 wolf spiders
  A shining eye (shapeshifter) (Depths:3)
  11 necromancers
  79 ugly things
  6 stone giant zombies
  An iron dragon zombie (Coc:4)
  An oklob plant (Lair:1)
  A shadow dragon skeleton (Pan)
  A mana viper (shapeshifter) (Vaults:2)
  7 salamanders
  A spectral ettin (Crypt:3)
  5 cyclopes
  A moth of wrath (shapeshifter) (Depths:2)
  2 frost giant zombies
  4 orc sorcerers
  2 human zombies
  9 shining eyes
  An iron dragon skeleton (Tar:1)
  A spectral ice dragon (Crypt:3)
  6 elephants (Lair:5)
  25 moths of wrath
  An elephant (shapeshifter) (Depths:4)
  4 fire giant skeletons
  23 rust devils
  3 centaur zombies
  5 frost giant skeletons
  22 smoke demons
  7 ice statues
  4 eyes of devastation
  8 black mambas
  2 stone giant skeletons
  13 vault sentinels
  16 spiny frogs
  Joseph (D:8)
  2 dire elephant zombies
  A torpor snail (shapeshifter) (Vaults:5)
  A torpor snail (Lair:6)
  10 molten gargoyles
  3 gargoyles
  45 orange demons
  A rime drake (Lair:4)
  2 catoblepas zombies
  11 komodo dragons
  4 storm dragon simulacra (Coc:7)
  3 titan simulacra
  12 demonic crawlers
  A black draconian zombie (Crypt:1)
  A death yak zombie (Crypt:1)
  20 hellions
  3 yaktaurs (shapeshifter)
  A golden dragon simulacrum (Crypt:3)
  A green draconian zombie (Crypt:3)
  2 dire elephant skeletons
  10 efreet
  36 freezing wraiths
  4 kobold demonologists
  28 tormentors
  10 redback zombies (Spider:3)
  65 yaktaurs
  2 emperor scorpion zombies
  4 anaconda simulacra
  15 hellwings
  A spectral harpy (Crypt:3)
  40 ice devils
  3 tengu conjurers
  2 catoblepas skeletons (Geh:7)
  2 silent spectres
  29 red devils
  24 guardian mummies
  A troll (shapeshifter) (Vaults:4)
  13 hornets
  A harpy zombie (Coc:7)
  24 jumping spiders
  16 trolls
  2 polar bears (Lair:4)
  A wind drake (shapeshifter) (Depths:1)
  12 hydra zombies
  8 hydra skeletons
  5 tyrant leeches
  26 blink frogs
  12 tarantella zombies (Spider:3)
  5 dream sheep (Lair:6)
  16 hippogriffs
  A jumping spider zombie (Crypt:1)
  A harpy skeleton (Crypt:3)
  A dream sheep (shapeshifter) (Vaults:5)
  13 bog bodies
  3 ettin zombies
  A blink frog (shapeshifter) (Vaults:4)
  5 alligator zombies
  A death drake skeleton (Crypt:1)
  4 ice dragon zombies
  A fire giant simulacrum (Vaults:2)
  116 slime creatures
  A guardian serpent skeleton (Crypt:2)
  A spriggan (shapeshifter) (Vaults:1)
  28 tarantellas
  A spectral black mamba (Crypt:3)
  2 fire dragon zombies
  3 spriggans
  An alligator skeleton (Hell)
  3 fire dragon skeletons
  71 flying skulls
  21 shadows
  3 air elementals
  11 wraiths
  9 ushabtiu
  An ice dragon skeleton (Tar:7)
  26 ynoxinuls (Pan)
  48 redbacks
  9 water elementals
  A wyvern (shapeshifter) (Vaults:5)
  3 dire elephant simulacra (IceCv)
  5 hogs (Swamp:3)
  39 yaks
  3 ettin skeletons
  17 fire elementals
  2 humans (shapeshifter)
  A black mamba zombie (Geh:2)
  2 fire bats (shapeshifter)
  2 fire bats (Volcano)
  A tarantella (shapeshifter) (Vaults:2)
  5 wyverns
  A hog (shapeshifter) (D:15)
  6 golden eyes
  4 steam dragons
  A basilisk (shapeshifter) (Vaults:1)
  6 basilisks
  3 hungry ghosts
  40 neqoxecs (Pan)
  A steam dragon (shapeshifter) (Vaults:3)
  22 vampire mosquitoes
  23 chaos spawn
  An iron troll simulacrum (IceCv)
  23 swamp worms
  5 wargs
  34 large abominations (Pan)
  2 infernal demonspawn zombies
  2 harpy simulacra (IceCv)
  3 hydra simulacra (Coc:7)
  A floating eye (Depths:4)
  5 spiny frog zombies
  11 porcupines
  16 water moccasins
  50 hell hounds
  32 orc warriors
  A black bear (shapeshifter) (Vaults:3)
  10 ice beasts
  An elephant zombie (Crypt:2)
  16 swamp drakes
  3 alligator simulacra
  5 sky beasts
  5 black bears
  A merfolk skeleton (Geh:5)
  A gelid demonspawn skeleton (Crypt:1)
  2 lindwurm zombies (Crypt:3)
  2 ettin simulacra (IceCv)
  A fire dragon simulacrum (Tomb:1)
  2 spiny frog skeletons
  A deep troll simulacrum (Depths:1)
  2 hornet zombies
  A manticore zombie (Dis:7)
  55 ogres
  A swamp dragon zombie (Geh:2)
  4 phantoms
  4 snapping turtle zombies
  14 boggarts
  10 eyes of draining
  2 elf zombies
  6 necrophages
  6 wolves (Lair:4)
  A lindwurm skeleton (Crypt:1)
  2 manticore skeletons
  2 snapping turtle skeletons
  21 centaurs
  A rime drake zombie (Crypt:2)
  11 crocodiles
  2 human skeletons (Vaults:2)
  7 big kobolds
  23 bullfrogs
  3 earth elementals
  An elf skeleton (Crypt:1)
  A salamander skeleton (Crypt:3)
  2 spiny frog simulacra
  A wyvern skeleton (D:9)
  6 scorpions
  35 killer bees
  A troll zombie (Geh:7)
  26 wights
  5 electric eels
  A wolf zombie (Crypt:2)
  6 howler monkeys
  2 bullfrog zombies
  16 crimson imps
  4 lava snakes (Lair:6)
  A human simulacrum (Vaults:1)
  18 jellies
  A quasit (Depths:5)
  A black bear zombie (Crypt:3)
  14 iron imps
  A hound (shapeshifter) (Vaults:5)
  8 hounds
  26 orc wizards
  20 orc priests
  3 bullfrog skeletons
  3 iguanas
  3 centaur skeletons
  9 worker ants
  A tengu skeleton (Geh:2)
  A hound skeleton (D:4)
  A hound zombie (D:6)
  35 mummies
  Robin (D:3)
  4 gnolls (D:7)
  21 adders
  A howler monkey skeleton (D:10)
  6 shadow imps
  A steam dragon skeleton (Crypt:1)
  7 white imps
  7 ufetubi
  15 oozes
  An adder zombie (D:8)
  An adder skeleton (Crypt:1)
  A worm (D:2)
  7 ball lightnings (Pan)
  2 dart slugs
  14 leopard geckos
  108 orcs
  9 ball pythons (Sewer)
  8 bats
  17 giant cockroaches
  15 goblins
  8 hobgoblins
  A jackal (shapeshifter) (Vaults:5)
  17 jackals
  9 quokkas
  14 frilled lizards
  A goblin skeleton (Crypt:2)
  28 kobolds
  A kobold skeleton (Pan)
  A kobold zombie (Dis:7)
  A leopard gecko zombie (D:5)
  An orc zombie (Dis:7)
  A quokka zombie (Crypt:3)
  15 rats
  15 briar patches
  3 fire vortices (Pan)
  8 fungi
  A pillar of salt (Geh:3)
  10 plants
  6 tentacles
4339 creatures vanquished.

Vanquished Creatures (collateral kills)
  2 titans (Vaults:5)
  A revenant (Tomb:2)
  A vault warden (Vaults:5)
  2 bennus (Tomb:3)
  A deep elf high priest (Elf:3)
  A skeletal warrior (Tomb:1)
  An iron troll (Dis:7)
  A phantasmal warrior (Vaults:5)
  A salamander (Depths:4)
  A yaktaur (Vaults:5)
  5 guardian mummies
  2 ushabtiu (Tomb:3)
  A snapping turtle skeleton (Tomb:3)
  5 mummies
25 creatures vanquished.

Vanquished Creatures (others)
  2 ancient liches (Tomb:3)
  Sojobo (Tomb:3)
  2 greater mummies
  3 ancient champions
  2 tengu reavers (Tomb:3)
  2 revenants (Tomb:3)
  A stone giant (Depths:1)
  An elemental wellspring (Coc:7)
  4 bennus (Tomb:3)
  A corrupter (Pan)
  2 deep elf demonologists (Elf:3)
  A green draconian (Zot:3)
  A lorocyproca (Pan)
  A deep elf annihilator (Elf:3)
  7 mummy priests
  A blizzard demon (Pan)
  4 yaktaur captains
  A vault guard (Vaults:5)
  A centaur warrior (Depths:4)
  29 dancing weapons
  5 skeletal warriors
  A torturous demonspawn (Pan)
  A spriggan druid (Swamp:4)
  An anaconda zombie (Tomb:3)
  A necromancer (Depths:3)
  2 deep elf archers
  A deep elf mage (Vaults:5)
  A smoke demon (Pan)
  17 guardian mummies
  10 yaktaurs
  A bog body (Coc:7)
  2 redbacks (Spider:2)
  A large abomination (Pan)
  4 flying skulls (Tomb:3)
  A shadow (Geh:4)
  A wraith (Geh:2)
  7 ushabtiu (Tomb:3)
  2 centaurs (Depths:1)
  A wight (Geh:3)
  An orc wizard (Orc:2)
  An ogre zombie (Tomb:3)
  13 mummies
  An ufetubus (D:12)
  20 ball lightnings (Pan)
  An orc (Elf:1)
  A briar patch (Swamp:2)
  36 fungi (D:11)
  12 pillars of salt
  16 plants
  12 tentacles
241 creatures vanquished.

Grand Total: 4605 creatures vanquished

Notes
Turn   | Place    | Note
-------+----------+-------------------------------------------
     0 | D:1      | nht the Hill Orc Fighter began the quest for the Orb.
     0 | D:1      | Reached XP level 1. HP: 19/19 MP: 1/1
   164 | D:1      | Reached XP level 2. HP: 21/26 MP: 2/2
   349 | D:1      | Reached XP level 3. HP: 21/31 MP: 3/3
   742 | D:2      | Found a shimmering altar of Xom.
   793 | D:2      | Reached skill level 5 in Axes
   832 | D:2      | Reached XP level 4. HP: 13/39 MP: 4/4
   847 | D:2      | Found a snail-covered altar of Cheibriados.
  1395 | D:3      | Reached XP level 5. HP: 45/45 MP: 5/5
  1413 | D:3      | Noticed Robin
  1425 | D:3      | Killed Robin
  2235 | D:4      | Noticed a phantom
  2252 | D:4      | Killed a phantom
  2252 | D:4      | Reached XP level 6. HP: 41/51 MP: 6/6
  2374 | D:4      | Found a shadowy altar of Dithmenos.
  2374 | D:4      | Found a hazy altar of Hepliaklqana.
  2374 | D:4      | Found an opulent altar of Gozag.
  2374 | D:4      | Found a blossoming altar of Fedhas.
  2374 | D:4      | Found a shattered altar of Ashenzari.
  2374 | D:4      | Found a bloodstained altar of Trog.
  2375 | D:4      | Found an ornate altar of the Wu Jian Council.
  2377 | D:4      | Found a basalt altar of Yredelemnul.
  2377 | D:4      | Found a snail-covered altar of Cheibriados.
  2388 | D:4      | Found a shimmering altar of Xom.
  2388 | D:4      | Found a stormy altar of Qazlal.
  2388 | D:4      | Found a blossoming altar of Fedhas.
  2393 | D:4      | Found a staircase to the Ecumenical Temple.
  2475 | Temple   | Entered the Ecumenical Temple
  2617 | D:4      | Found Upuricogy's Armour Emporium.
  2666 | D:4      | Became a worshipper of Gozag Ym Sagoz the Greedy
  2697 | D:4      | Found Lauvayx's Antique Armour Emporium.
  2771 | D:4      | Reached XP level 7. HP: 57/57 MP: 7/7
  2815 | D:4      | Reached skill level 10 in Axes
  2874 | D:4      | Found a basalt altar of Yredelemnul.
  2877 | D:4      | Found a blossoming altar of Fedhas.
  2880 | D:4      | Found an ancient bone altar of Kikubaaqudgha.
  2883 | D:4      | Found a shattered altar of Ashenzari.
  2945 | D:4      | Found Rixtuf's Magic Scroll Emporium.
  2960 | D:4      | Bought a scroll of magic mapping for 35 gold pieces
  2960 | D:4      | Bought a scroll of remove curse for 30 gold pieces
  2960 | D:4      | Bought a scroll of teleportation for 30 gold pieces
  2960 | D:4      | Bought a scroll of teleportation for 30 gold pieces
  2960 | D:4      | Bought a scroll of teleportation for 30 gold pieces
  2960 | D:4      | Bought a scroll of identify for 20 gold pieces
  2960 | D:4      | Bought a scroll of identify for 20 gold pieces
  2960 | D:4      | Bought a scroll of identify for 20 gold pieces
  3028 | D:4      | Found Mili's Weapon Emporium.
  3475 | D:5      | Entered Level 5 of the Dungeon
  3606 | D:5      | Found an iron altar of Okawaru.
  3790 | D:5      | Reached XP level 8. HP: 57/64 MP: 8/8
  4525 | D:6      | Found a glowing drain.
  4558 | Sewer    | Entered a sewer
  4889 | Sewer    | Reached XP level 9. HP: 67/70 MP: 9/9
  5516 | D:7      | Reached skill level 5 in Fighting
  5555 | D:7      | Reached skill level 5 in Armour
  6253 | D:4      | Bought the +4 pair of boots of the Elven Halls {rC+ Regen+ Str+5 Int-4} for 568 gold pieces
  6253 | D:4      | Bought a +0 cloak of magic resistance for 161 gold pieces
  6288 | D:4      | Bought an embroidered cloak for 202 gold pieces
  6288 | D:4      | Bought a pair of embroidered gloves for 202 gold pieces
  6426 | D:8      | Reached XP level 10. HP: 83/86 MP: 10/10
  6654 | D:8      | Noticed Joseph
  6668 | D:8      | Killed Joseph
  6729 | D:8      | Found a stormy altar of Qazlal.
  6781 | D:8      | Identified a scroll of acquirement
  6782 | D:8      | Got a transparent executioner's axe
  6788 | D:8      | Identified the +7 executioner's axe "Poovomn" {chop, Int-2 Dex+5} (You acquired it on level 8 of the Dungeon)
  7119 | D:9      | Got a vibrating amber ring
  7120 | D:9      | Identified the ring "Habi" {Fire rElec rPois} (You acquired it on level 9 of the Dungeon)
  7151 | D:9      | Noticed a centaur warrior
  7168 | D:9      | Killed a centaur warrior
  7168 | D:9      | Reached skill level 15 in Axes
  7562 | D:9      | Found a glowing silver altar of Zin.
  7567 | D:9      | Found Rowa's Distillery.
  7573 | D:9      | Bought a potion of mutation for 96 gold pieces
  7573 | D:9      | Bought a potion of haste for 120 gold pieces
  7573 | D:9      | Bought a potion of berserk rage for 60 gold pieces
  7907 | D:10     | Entered Level 10 of the Dungeon
  8123 | D:10     | Reached XP level 11. HP: 90/95 MP: 11/11
  8155 | D:10     | Noticed Urug
  8170 | D:10     | Killed Urug
  8194 | D:10     | Noticed Nergalle
  8224 | D:10     | Killed Nergalle
  8708 | D:11     | Noticed a skeletal warrior
  8728 | D:11     | Killed a skeletal warrior
  8729 | D:11     | Noticed a skeletal warrior
  8730 | D:11     | Noticed a skeletal warrior
  8753 | D:11     | Killed a skeletal warrior
  8766 | D:11     | Killed a skeletal warrior
  8781 | D:11     | Noticed a skeletal warrior
  8798 | D:11     | Killed a skeletal warrior
  8856 | D:11     | Noticed Erolcha
  8888 | D:11     | Noticed a brown ugly thing
  8889 | D:11     | Noticed a purple ugly thing
  8890 | D:11     | Killed Erolcha
  8898 | D:11     | Reached XP level 12. HP: 58/103 MP: 12/12
  8985 | D:11     | Found a staircase to the Lair.
  9246 | D:11     | Noticed a tengu warrior
  9261 | D:11     | Killed a tengu warrior
  9411 | D:12     | Noticed Harold
  9464 | D:12     | Killed Harold
  9789 | D:12     | vault missing an escape
 10053 | D:12     | Reached XP level 13. HP: 95/108 MP: 13/13
 10236 | D:12     | Found a staircase to the Orcish Mines.
 10800 | D:13     | Noticed an ettin
 10802 | D:13     | Noticed a vault guard
 10804 | D:13     | Killed an ettin
 10808 | D:13     | Killed a vault guard
 10823 | D:13     | Found a gate to the Vaults.
 11217 | Orc:1    | Entered Level 1 of the Orcish Mines
 11417 | Orc:2    | Entered Level 2 of the Orcish Mines
 11462 | Orc:2    | Noticed Azrael
 11476 | Orc:2    | Killed Azrael
 11481 | Orc:2    | Noticed a stone giant
 11496 | Orc:2    | Killed a stone giant
 11743 | Orc:1    | Gained mutation: Your magical capacity is low. (-10% MP) [a neqoxec]
 11887 | Orc:2    | Found a staircase to the Elven Halls.
 12134 | Orc:2    | Found Soarokka's Magic Scroll Shoppe.
 12136 | Orc:2    | Found Qytepif's Gadget Emporium.
 12148 | Orc:2    | Noticed Donald
 12153 | Orc:2    | Noticed an ogre mage
 12163 | Orc:2    | Reached XP level 14. HP: 39/118 MP: 12/12
 12400 | Orc:2    | Killed Donald
 12400 | Orc:2    | Reached skill level 10 in Fighting
 12568 | Orc:2    | Found Sovicech's Assorted Antiques.
 12570 | Orc:2    | Bought a scroll of teleportation for 36 gold pieces
 12570 | Orc:2    | Bought a scroll of teleportation for 36 gold pieces
 12570 | Orc:2    | Bought a scroll of magic mapping for 42 gold pieces
 12570 | Orc:2    | Bought a scroll of identify for 24 gold pieces
 12570 | Orc:2    | Bought a scroll of recharging for 114 gold pieces
 12570 | Orc:2    | Bought a scroll of recharging for 114 gold pieces
 12577 | Orc:2    | Found Sirujikk's Food Shoppe.
 12581 | Orc:2    | Bought a potion of agility for 128 gold pieces
 12581 | Orc:2    | Bought a scroll labeled UHUEKL TISILUMP for 32 gold pieces
 12581 | Orc:2    | Bought a scroll of enchant armour for 240 gold pieces
 12581 | Orc:2    | Bought a potion of heal wounds for 160 gold pieces
 12830 | D:4      | Bought the quicksilver dragon scales "Fotheic" {rF+++ rC- MR+ Str+3} for 1412 gold pieces
 12934 | D:4      | Bought a scroll of identify for 20 gold pieces
 12934 | D:4      | Bought a scroll of identify for 20 gold pieces
 13103 | D:9      | Bought a potion of curing for 36 gold pieces
 13103 | D:9      | Bought a potion of invisibility for 96 gold pieces
 13188 | Lair:1   | Entered Level 1 of the Lair of Beasts
 13297 | Lair:1   | Got a dazzling scale mail
 13485 | Lair:1   | Reached skill level 10 in Armour
 14005 | D:11     | Identified the +5 scale mail of Yrua {rElec Dex+5} (You found it on level 1 of the Lair of Beasts)
 14006 | D:11     | Got a dazzling ring mail
 14017 | D:11     | Identified the cursed +0 ring mail "Ygaalebuss" {rPois Str-2 Dex+8 SInv} (You found it on level 11 of the Dungeon)
 14160 | Lair:2   | Found a dark tunnel.
 14175 | Volcano  | Entered a volcano
 14528 | Lair:2   | Found a staircase to the Swamp.
 15040 | Lair:3   | Found a hole to the Spider Nest.
 15244 | Lair:3   | Reached XP level 15. HP: 118/130 MP: 13/13
 16510 | Lair:4   | Noticed Sonja
 16946 | Lair:5   | Got smoking swamp dragon scales
 16978 | Lair:5   | Noticed Nessos
 16986 | Lair:5   | Killed Nessos
 17286 | Lair:5   | Found a staircase to the Slime Pits.
 17286 | Lair:5   | Found a viscous altar of Jiyva.
 17500 | Lair:5   | Identified the +0 swamp dragon scales "Coso Mit" {rPois rF+} (You acquired it on level 5 of the Lair of Beasts)
 17521 | Lair:6   | Entered Level 6 of the Lair of Beasts
 17798 | Lair:6   | Found a large runed door.
 17799 | Lair:6   | Found a large runed door.
 18962 | D:11     | Bought a scroll of identify for 40 gold pieces
 18962 | D:11     | Bought a scroll of teleportation for 60 gold pieces
 18962 | D:11     | Bought a scroll of identify for 40 gold pieces
 18962 | D:11     | Bought a scroll of identify for 40 gold pieces
 18962 | D:11     | Bought a scroll of fear for 70 gold pieces
 19186 | D:14     | Found a glowing golden altar of the Shining One.
 19553 | D:15     | Entered Level 15 of the Dungeon
 19822 | D:15     | Reached XP level 16. HP: 138/144 MP: 14/14
 20110 | D:15     | Found a staircase to the Depths.
 20434 | Swamp:1  | Entered Level 1 of the Swamp
 20488 | D:11     | Bought a potion of heal wounds for 90 gold pieces
 20488 | D:11     | Bought a potion of curing for 54 gold pieces
 20488 | D:11     | Bought a potion of ambrosia for 144 gold pieces
 20488 | D:11     | Bought a potion of might for 72 gold pieces
 20488 | D:11     | Bought a potion of berserk rage for 90 gold pieces
 20488 | D:11     | Bought a potion of berserk rage for 90 gold pieces
 20488 | D:11     | Bought a potion of berserk rage for 90 gold pieces
 20488 | D:11     | Bought a potion of curing for 54 gold pieces
 20488 | D:11     | Bought a potion of resistance for 180 gold pieces
 20488 | D:11     | Bought 2 potions of agility for 144 gold pieces
 21473 | Swamp:2  | Noticed a thorn hunter
 21489 | Swamp:2  | Killed a thorn hunter
 22388 | Swamp:3  | Noticed Kirke
 22401 | Swamp:3  | Killed Kirke
 22895 | Swamp:4  | Entered Level 4 of the Swamp
 22914 | Swamp:4  | Noticed Jorgrun
 22921 | Swamp:4  | Killed Jorgrun
 22921 | Swamp:4  | Reached skill level 15 in Fighting
 23117 | Swamp:4  | Reached skill level 1 in Evocations
 23259 | Swamp:4  | Reached XP level 17. HP: 98/156 MP: 16/16
 23518 | Swamp:4  | Got a decaying rune of Zot
 23747 | Swamp:4  | Reached skill level 27 in Axes
 24100 | D:11     | Bought a scroll of magic mapping for 52 gold pieces
 24100 | D:11     | Bought a meat ration for 75 gold pieces
 24100 | D:11     | Bought a potion of heal wounds for 75 gold pieces
 24190 | Spider:1 | Entered Level 1 of the Spider Nest
 24467 | Spider:1 | Reached skill level 1 in Dodging
 24480 | Spider:1 | Reached skill level 5 in Evocations
 26009 | Spider:3 | Reached skill level 15 in Armour
 26020 | Spider:3 | Reached XP level 18. HP: 166/167 MP: 19/20
 26029 | Spider:3 | Found a frozen archway.
 26037 | IceCv    | Entered an ice cave
 26068 | IceCv    | Got a pair of slimy boots
 26079 | IceCv    | Identified the +1 pair of boots "Ritsul" {MR+ SInv Stlth+} (You found it in an ice cave)
 26418 | IceCv    | Got a heavily runed plate armour
 26437 | IceCv    | Identified the +9 plate armour "Trusted Companion" {+Fly rPois rN++ Dex+3} (You found it in an ice cave)
 26764 | Spider:3 | Got a polished chain mail
 26765 | Spider:3 | Identified the +0 chain mail of Cocytus {rElec} (You found it on level 3 of the Spider Nest)
 26977 | Spider:4 | Entered Level 4 of the Spider Nest
 27880 | Spider:4 | Reached skill level 5 in Dodging
 28175 | Spider:4 | Got a gossamer rune of Zot
 28548 | D:11     | Bought an uncursed amulet of regeneration for 420 gold pieces
 28548 | D:11     | Bought the ring of Shadows {Umbra +Inv Stlth+} for 560 gold pieces
 28635 | Vaults:1 | Entered Level 1 of the Vaults
 29128 | Vaults:1 | Reached XP level 19. HP: 156/177 MP: 23/23
 29700 | Vaults:1 | Reached skill level 10 in Evocations
 30179 | Vaults:2 | Found a flickering gateway to a bazaar.
 30188 | Bazaar   | Entered a bazaar
 30192 | Bazaar   | Found Utsoig's Gadget Boutique.
 30210 | Bazaar   | Found Pecworeh's Antique Armour Emporium.
 30227 | Bazaar   | Found Fimuc's Magic Scroll Boutique.
 30244 | Bazaar   | Found Geylouq's Antique Weapon Shoppe.
 30281 | Bazaar   | Bought a scroll of silence for 82 gold pieces
 30281 | Bazaar   | Bought a scroll of blinking for 82 gold pieces
 30281 | Bazaar   | Bought a scroll of acquirement for 572 gold pieces
 30281 | Bazaar   | Bought a scroll of enchant weapon for 82 gold pieces
 30281 | Bazaar   | Bought a scroll of teleportation for 33 gold pieces
 30281 | Bazaar   | Bought a scroll of holy word for 82 gold pieces
 30281 | Bazaar   | Bought a scroll of enchant weapon for 82 gold pieces
 30281 | Bazaar   | Bought a scroll of identify for 22 gold pieces
 30281 | Bazaar   | Bought a scroll of enchant weapon for 82 gold pieces
 30281 | Bazaar   | Bought a scroll of magic mapping for 38 gold pieces
 30281 | Bazaar   | Bought a scroll of enchant armour for 82 gold pieces
 30281 | Bazaar   | Bought a scroll of enchant weapon for 82 gold pieces
 30281 | Bazaar   | Bought a scroll of holy word for 82 gold pieces
 30428 | Vaults:1 | Got a scorched shield
 30434 | Vaults:1 | Identified the +3 shield of the Gate {Regen+ Int-5 Dex+3} (You found it on level 1 of the Vaults)
 30862 | Vaults:2 | Found a staircase to the Crypt.
 30917 | Vaults:2 | Reached skill level 5 in Shields
 31391 | Vaults:2 | Reached skill level 10 in Shields
 31779 | Vaults:3 | Reached XP level 20. HP: 187/187 MP: 24/24
 32668 | Vaults:3 | Reached skill level 15 in Shields
 32942 | Vaults:3 | Identified The Volume of Greatest Risks and Utility
 33365 | D:11     | Bought the amulet of Deuzilof {Reflect rC+ Slay+2 SH+5} for 890 gold pieces
 33994 | Depths:1 | Entered Level 1 of the Depths
 34030 | Depths:1 | Reached XP level 21. HP: 163/193 MP: 25/25
 34226 | Depths:1 | Noticed Bai Suzhen
 34244 | Depths:1 | Killed Bai Suzhen
 34315 | Depths:1 | Noticed Asterion
 34333 | Depths:1 | Killed Asterion
 34623 | Depths:1 | Found a gateway to Hell.
 34915 | Depths:2 | Found a flickering gateway to a bazaar.
 34925 | Bazaar   | Entered a bazaar
 34925 | Bazaar   | Found Lianuics's Magic Scroll Boutique.
 34933 | Bazaar   | Bought a scroll of teleportation for 48 gold pieces
 34933 | Bazaar   | Bought a scroll of teleportation for 48 gold pieces
 34933 | Bazaar   | Bought a scroll of blinking for 120 gold pieces
 34940 | Bazaar   | Found Yptienic's Antique Armour Shop.
 34946 | Bazaar   | Bought a pair of heavily runed boots for 323 gold pieces
 34946 | Bazaar   | Found Gaagap's Jewellery Boutique.
 34957 | Bazaar   | Identified the +1 pair of boots of Xeurad {Int+7 SInv} (You bought it in a shop in a bazaar)
 34971 | Bazaar   | Found Jiskuoc's Food Emporium.
 34981 | Bazaar   | Bought a meat ration for 45 gold pieces
 34981 | Bazaar   | Bought a meat ration for 45 gold pieces
 34981 | Bazaar   | Bought a bread ration for 45 gold pieces
 34981 | Bazaar   | Bought a meat ration for 45 gold pieces
 34981 | Bazaar   | Bought a bread ration for 45 gold pieces
 34981 | Bazaar   | Bought a bread ration for 45 gold pieces
 34981 | Bazaar   | Bought a meat ration for 45 gold pieces
 34981 | Bazaar   | Bought a royal jelly for 18 gold pieces
 34986 | Bazaar   | Found Yxiloij's Assorted Antiques.
 34994 | Bazaar   | Bought a scroll of magic mapping for 84 gold pieces
 34994 | Bazaar   | Bought a blackened bronze ring for 120 gold pieces
 34994 | Bazaar   | Bought a potion of curing for 72 gold pieces
 34994 | Bazaar   | Bought a scroll of teleportation for 72 gold pieces
 36149 | Depths:2 | Found a deep blue altar of Sif Muna.
 36539 | Depths:3 | Noticed Margery
 36583 | Depths:3 | Noticed Aizul
 36605 | Depths:3 | Killed Aizul
 36618 | Depths:3 | Reached XP level 22. HP: 85/205 MP: 26/26
 37173 | Depths:3 | Killed Margery
 37259 | Depths:3 | Found a shattered altar of Ashenzari.
 37354 | Depths:3 | Paralysed by a floating eye for 4 turns
 37818 | Depths:3 | Found a one-way gate leading to the halls of Pandemonium.
 37930 | Depths:3 | Found Imehi's Gadget Boutique.
 37932 | Depths:3 | Found Zism's Jewellery Emporium.
 37933 | Depths:3 | Found Veffa's Gadget Boutique.
 38121 | Depths:4 | Noticed a juggernaut
 38124 | Depths:4 | Noticed a juggernaut
 38141 | Depths:4 | Killed a juggernaut
 38150 | Depths:4 | Killed a juggernaut
 38167 | Depths:4 | Reached skill level 10 in Dodging
 38257 | Depths:4 | Noticed a juggernaut
 38258 | Depths:4 | Noticed a juggernaut
 38275 | Depths:4 | Killed a juggernaut
 38275 | Depths:4 | Reached XP level 23. HP: 215/215 MP: 27/27
 38291 | Depths:4 | Killed a juggernaut
 38441 | Depths:4 | Identified the cursed +0 chain mail "Anoelaum" {rPois rN+ MR+} (You found it on level 4 of the Depths)
 39033 | Depths:4 | Found a portal to a secret trove of treasure.
 39370 | Depths:4 | Got a flickering iron amulet
 39372 | Depths:4 | Got a pitted glass ring
 39373 | Depths:4 | Identified the amulet "Tannirokk" {MR++ Regen+} (You found it on level 4 of the Depths)
 39374 | Depths:4 | Identified the ring "Ynodeyni" {rC+ MP+9} (You found it on level 4 of the Depths)
 39402 | Depths:4 | Found a one-way gate to the infinite horrors of the Abyss.
 39870 | Depths:5 | Entered Level 5 of the Depths
 40094 | Depths:5 | Identified the ring of Kuotug {Fire Int+2} (You found it on level 5 of the Depths)
 40226 | Depths:5 | Found a gateway to a ziggurat.
 40313 | Depths:5 | Reached XP level 24. HP: 226/226 MP: 27/27
 40564 | Depths:5 | Found a gate to the Realm of Zot.
 41047 | D:11     | Bought an ichor-stained ring mail for 369 gold pieces
 41047 | D:11     | Bought a faintly glowing leather armour for 287 gold pieces
 41047 | D:11     | Identified the +2 leather armour of the Midnight Sun {rElec rF+} (You bought it in a shop on level 11 of the Dungeon)
 41048 | D:11     | Identified the +1 ring mail "Xannumir" {Str+4} (You bought it in a shop on level 11 of the Dungeon)
 41161 | Elf:1    | Entered Level 1 of the Elven Halls
 42429 | Elf:2    | Found a huge runed gate.
 42429 | Elf:2    | Found a huge runed gate.
 42435 | Elf:2    | Found a huge runed gate.
 42435 | Elf:2    | Found a huge runed gate.
 42435 | Elf:2    | Found a huge runed gate.
 43016 | Elf:3    | Entered Level 3 of the Elven Halls
 43206 | Elf:3    | Noticed Nikola
 43215 | Elf:3    | Noticed Mara
 43215 | Elf:3    | Killed Nikola
 43221 | Elf:3    | Noticed nht's illusion
 43228 | Elf:3    | Killed Mara
 43965 | Elf:3    | Reached XP level 25. HP: 237/237 MP: 27/27
 44207 | Elf:3    | Got a scorched platinum ring
 44208 | Elf:3    | Identified the ring of Creativity {Int+4 Stlth-} (You took it off a deep elf annihilator on level 3 of the Elven Halls)
 44258 | Elf:3    | Identified the Papyrus of Flying Evil Arts
 44264 | Elf:3    | Identified the cursed +1 ring mail of Makhleb's Outrage {rF+} (You found it on level 3 of the Elven Halls)
 45270 | Vaults:4 | Noticed Jory
 45284 | Vaults:4 | Killed Jory
 45478 | Vaults:4 | Noticed Lifeless's ghost (veteran MiFi)
 45512 | Vaults:4 | Killed Lifeless's ghost
 45603 | Vaults:4 | Reached skill level 15 in Evocations
 46168 | Vaults:5 | Entered Level 5 of the Vaults
 46230 | Vaults:5 | Noticed an ancient lich
 46254 | Vaults:5 | Reached XP level 26. HP: 225/246 MP: 32/32
 46256 | Vaults:5 | Noticed an ancient lich
 46270 | Vaults:5 | Noticed an ancient lich
 46272 | Vaults:5 | Killed an ancient lich
 46286 | Vaults:5 | Killed an ancient lich
 47151 | Vaults:5 | Got a twitching emerald amulet
 47154 | Vaults:5 | Identified the amulet "Yptituso" {Spirit *Slow rF- Dex+9 Stlth+} (You found it on level 5 of the Vaults)
 47248 | Vaults:5 | Got a silver rune of Zot
 47613 | Vaults:5 | Killed an ancient lich
 48156 | Crypt:1  | Entered Level 1 of the Crypt
 48871 | Crypt:1  | Noticed a greater mummy
 48890 | Crypt:1  | Killed a greater mummy
 49142 | Crypt:2  | Noticed an ancient lich
 49163 | Crypt:2  | Killed an ancient lich
 49163 | Crypt:2  | Reached XP level 27. HP: 239/256 MP: 32/32
 49183 | Crypt:2  | Noticed Saint Roka
 49198 | Crypt:2  | Killed Saint Roka
 50081 | Crypt:3  | Entered Level 3 of the Crypt
 50208 | Crypt:3  | Noticed Mennas
 50237 | Crypt:3  | Killed Mennas
 50747 | Crypt:3  | Found a staircase to the Tomb.
 51315 | Crypt:3  | Identified the ring of Doukk {-Tele rPois rN+ Int+6} (You found it on level 3 of the Crypt)
 51316 | Crypt:3  | Identified the ring of Osic Iqopt {rN+ SInv} (You found it on level 3 of the Crypt)
 51317 | Crypt:3  | Identified the ring of Zeedar {rElec rPois rN+} (You found it on level 3 of the Crypt)
 51663 | Crypt:3  | Identified the +7 large shield "Erchyriy" {MR+ MP+9 Dex+4} (You took it off Mennas on level 3 of the Crypt)
 51728 | Tomb:1   | Entered Level 1 of the Tomb of the Ancients
 52623 | Tomb:1   | Noticed a greater mummy
 52624 | Tomb:1   | Noticed a greater mummy
 53004 | Tomb:2   | Noticed a greater mummy
 53004 | Tomb:2   | Noticed a greater mummy
 53004 | Tomb:2   | Noticed a greater mummy
 53006 | Tomb:2   | Noticed an ancient lich
 53068 | Tomb:1   | Killed a greater mummy
 53820 | Tomb:1   | Killed a greater mummy
 54030 | Tomb:1   | Killed a greater mummy
 54116 | Tomb:2   | Killed an ancient lich
 54210 | Tomb:2   | Killed a greater mummy
 54714 | Tomb:2   | where did brtibe go?
 54799 | Tomb:2   | also how did I get here
 54802 | Tomb:3   | Entered Level 3 of the Tomb of the Ancients
 54822 | Tomb:3   | Noticed a greater mummy
 54832 | Tomb:3   | Noticed a greater mummy
 54839 | Tomb:3   | Noticed a greater mummy
 54872 | Tomb:3   | Noticed an ancient lich
 54874 | Tomb:3   | Noticed a greater mummy
 54877 | Tomb:3   | Noticed an ancient lich
 54880 | Tomb:3   | Killed Sojobo
 54887 | Tomb:3   | Killed a greater mummy
 54889 | Tomb:3   | this bribe is shit
 54914 | Tomb:3   | Noticed a greater mummy
 54921 | Tomb:3   | Killed a greater mummy
 54924 | Tomb:3   | Noticed a greater mummy
 54945 | Tomb:3   | Killed a greater mummy
 54966 | Tomb:3   | Killed an ancient lich
 54978 | Tomb:3   | Noticed a greater mummy
 54981 | Tomb:3   | Killed a greater mummy
 55008 | Tomb:3   | Killed a greater mummy
 55024 | Tomb:3   | Got a golden rune of Zot
 55078 | Tomb:3   | Killed an ancient lich
 55559 | Tomb:3   | this is too annoying
 55651 | Tomb:3   | Identified the ring of Prescription {rN+ MR+ Int+3 Dex+2} (You found it on level 3 of the Tomb of the Ancients)
 56034 | Tomb:3   | Killed a greater mummy
 56062 | Tomb:3   | Killed a greater mummy
 56208 | Tomb:1   | Noticed a greater mummy
 56213 | Tomb:1   | Noticed a greater mummy
 56595 | D:13     | Bought a scroll of blinking for 127 gold pieces
 56595 | D:13     | Bought a potion of haste for 170 gold pieces
 56597 | D:13     | Bought a scroll of enchant armour for 112 gold pieces
 56599 | D:13     | Bought a transparent scale mail for 270 gold pieces
 56599 | D:13     | Identified the +8 scale mail of the Sunfish {*Drain +Inv Str+3} (You bought it in a shop on level 13 of the Dungeon)
 57081 | Depths:3 | Bought a potion of heal wounds for 75 gold pieces
 57081 | Depths:3 | Bought a potion of haste for 150 gold pieces
 57081 | Depths:3 | Bought a potion of haste for 150 gold pieces
 57081 | Depths:3 | Bought a potion of heal wounds for 75 gold pieces
 57081 | Depths:3 | Bought a potion of heal wounds for 75 gold pieces
 57081 | Depths:3 | Bought 2 potions of curing for 90 gold pieces
 57081 | Depths:3 | Bought a potion of curing for 45 gold pieces
 57176 | Zot:1    | Entered Level 1 of the Realm of Zot
 57192 | Zot:1    | Fell from the grace of Gozag
 57615 | D:9      | Became a worshipper of Zin the Law-Giver
 57615 | D:9      | Reached * piety under Zin
 57615 | D:9      | Reached ** piety under Zin
 57616 | D:9      | Donated 1309 gold pieces to Zin
 57655 | D:10     | Reached *** piety under Zin
 57750 | Depths:1 | Reached **** piety under Zin
 58878 | Zot:2    | Identified the +2 ring mail "Lakyo" {rC- Regen+ rCorr Int-3} (You found it on level 2 of the Realm of Zot)
 59315 | Zot:2    | Identified the ring of Gociluas {*Slow rPois rC+ rN+ Str+3 Stlth-} (You found it on level 2 of the Realm of Zot)
 59741 | Zot:2    | Reached ***** piety under Zin
 60500 | Zot:3    | Reached skill level 27 in Shields
 60500 | Zot:3    | Reached skill level 1 in Invocations
 60827 | Zot:3    | Reached skill level 5 in Invocations
 61199 | Zot:3    | Reached skill level 10 in Invocations
 61374 | Zot:3    | Reached ****** piety under Zin
 62146 | Zot:4    | Reached skill level 15 in Invocations
 63349 | Slime:1  | Entered Level 1 of the Pits of Slime
 63388 | Slime:1  | Was forgiven by Gozag
 64962 | Slime:4  | Noticed Dissolution
 64977 | Slime:4  | Paralysed by a floating eye for 3 turns
 64988 | Slime:4  | Killed Dissolution
 65262 | Slime:5  | Entered Level 5 of the Pits of Slime
 65339 | Slime:5  | Noticed the Royal Jelly
 65488 | Slime:5  | Killed the Royal Jelly
 65569 | Slime:5  | Got a vibrating platinum ring
 65573 | Slime:5  | Got a slimy rune of Zot
 65574 | Slime:5  | Identified the ring "Yddapte" {rN++ SInv} (You found it on level 5 of the Pits of Slime)
 65662 | Slime:5  | Identified the +2 ring mail of Refuge {Regen+} (You found it on level 5 of the Pits of Slime)
 65999 | Slime:5  | Identified the +2 ring mail "Ytwez" {+Blink rN+ Regen+} (You found it on level 5 of the Pits of Slime)
 66239 | D:14     | Fell from the grace of Zin
 66239 | D:14     | Became a worshipper of the Shining One
 66239 | D:14     | Reached * piety under the Shining One
 66239 | D:14     | Reached ** piety under the Shining One
 66239 | D:14     | Reached *** piety under the Shining One
 66363 | Pan      | Entered Pandemonium
 66475 | Pan      | Reached **** piety under the Shining One
 66565 | Pan      | Gained mutation: You are frail. (-10% HP) [a neqoxec]
 66602 | Pan      | Gained mutation: Your body sometimes deteriorates upon taking damage. [a neqoxec]
 66610 | Pan      | Reached ***** piety under the Shining One
 66614 | Pan      | Noticed Okic the pandemonium lord
 66633 | Pan      | Killed Okic the pandemonium lord
 66821 | Pan      | Found an exit through the horrors of the Abyss.
 67071 | Pan      | Lost mutation: Your magical capacity is low. (-10% MP) [potion of mutation]
 67071 | Pan      | Lost mutation: You are frail. (-10% HP) [potion of mutation]
 67071 | Pan      | Lost mutation: Your body sometimes deteriorates upon taking damage. [potion of mutation]
 67071 | Pan      | Gained mutation: You have an increased reservoir of magic. (+10% MP) [potion of mutation]
 67071 | Pan      | Gained mutation: You have sharp toenails. [potion of mutation]
 67075 | Pan      | Noticed Mealoorph the pandemonium lord
 67099 | Pan      | Killed Mealoorph the pandemonium lord
 67115 | Pan      | Reached ****** piety under the Shining One
 67353 | Pan      | Identified a +9 executioner's axe of holy wrath (a +9 executioner's axe of freezing blessed by the Shining One)
 67353 | Pan      | Received a gift from the Shining One
 67593 | Pan      | Found an exit through the horrors of the Abyss.
 68073 | Pan      | Gained mutation: You tend to lose your temper in combat. [a neqoxec]
 68075 | Pan      | Noticed Nyzixis the pandemonium lord
 68105 | Pan      | Killed Nyzixis the pandemonium lord
 68127 | Pan      | Identified the Guide on Changing and the Glacier
 68312 | Pan      | Lost mutation: You tend to lose your temper in combat. [potion of mutation]
 68312 | Pan      | Lost mutation: You have an increased reservoir of magic. (+10% MP) [potion of mutation]
 68312 | Pan      | Lost mutation: You have sharp toenails. [potion of mutation]
 68312 | Pan      | Gained mutation: You passively map a small area around you. [potion of mutation]
 68312 | Pan      | Gained mutation: You are resistant to hostile enchantments. (MR+) [potion of mutation]
 68312 | Pan      | Gained mutation: You are covered in fur. (AC +1) [potion of mutation]
 68351 | Pan      | Noticed Zulea the pandemonium lord
 68379 | Pan      | Killed Zulea the pandemonium lord
 68386 | Pan      | Gained mutation: You are dopey. (Int -2) [a neqoxec]
 68428 | Pan      | Noticed Rugryot the pandemonium lord
 68448 | Pan      | Killed Rugryot the pandemonium lord
 68495 | Depths:3 | Escaped Pandemonium
 68497 | Pan      | Entered Pandemonium
 68547 | Pan      | Found an exit through the horrors of the Abyss.
 68651 | Pan      | Got a glittering copper ring
 68652 | Pan      | Identified the ring "Sosyst" {SInv Stlth+} (You found it in Pandemonium)
 68694 | Pan      | Noticed Dieliel the pandemonium lord
 68707 | Pan      | Killed Dieliel the pandemonium lord
 68804 | Pan      | Found an exit through the horrors of the Abyss.
 68864 | Pan      | Noticed Xunaipo the pandemonium lord
 68882 | Pan      | Killed Xunaipo the pandemonium lord
 68900 | Pan      | Got a demonic rune of Zot
 68918 | Pan      | Noticed Belal the pandemonium lord
 69352 | Pan      | Entered the realm of Gloorx Vloq.
 69612 | Pan      | Noticed Gloorx Vloq
 69635 | Pan      | Killed Gloorx Vloq
 69691 | Pan      | Got a dark rune of Zot
 70044 | Pan      | Found an exit through the horrors of the Abyss.
 70071 | Pan      | Gained mutation: Scrolls take you a little longer to read. [a cacodemon]
 70091 | Pan      | Found an exit through the horrors of the Abyss.
 70125 | Pan      | Found a runed door.
 70126 | Pan      | Found a runed door.
 70142 | Pan      | Lost mutation: You are dopey. (Int -2) [potion of mutation]
 70142 | Pan      | Lost mutation: Scrolls take you a little longer to read. [potion of mutation]
 70142 | Pan      | Lost mutation: You passively map a small area around you. [potion of mutation]
 70142 | Pan      | Lost mutation: You are resistant to hostile enchantments. (MR+) [potion of mutation]
 70142 | Pan      | Lost mutation: You are covered in fur. (AC +1) [potion of mutation]
 70142 | Pan      | Gained mutation: You are partially covered in thin metallic scales. (AC +2) [potion of mutation]
 70142 | Pan      | Gained mutation: You evolve. [potion of mutation]
 70423 | Pan      | Found a runed door.
 70588 | Pan      | Gained mutation: Your spells are a little easier to cast, but a little less powerful. [a cacodemon]
 70629 | Pan      | Noticed Geocziatyr the pandemonium lord
 70647 | Pan      | Killed Geocziatyr the pandemonium lord
 70669 | Pan      | Found an exit through the horrors of the Abyss.
 70720 | Pan      | Gained mutation: Armour fits poorly on your strangely shaped body. [a cacodemon]
 70849 | Pan      | Gained mutation: You are dopey. (Int -2) [a cacodemon]
 70910 | Pan      | Found an exit through the horrors of the Abyss.
 71291 | Pan      | Reached skill level 27 in Fighting
 71385 | Pan      | Found an exit through the horrors of the Abyss.
 71403 | Pan      | Gained mutation: Your magical capacity is low. (-10% MP) [a cacodemon]
 71497 | Pan      | Noticed Roecunoin the pandemonium lord
 71564 | Pan      | Noticed Jaluol the pandemonium lord
 71577 | Pan      | Killed Jaluol the pandemonium lord
 71669 | Pan      | Entered the realm of Lom Lobon.
 71688 | Pan      | Found an exit through the horrors of the Abyss.
 71830 | Pan      | Lost mutation: Your spells are a little easier to cast, but a little less powerful. [potion of mutation]
 71830 | Pan      | Lost mutation: Your magical capacity is low. (-10% MP) [potion of mutation]
 71830 | Pan      | Lost mutation: You are dopey. (Int -2) [potion of mutation]
 71830 | Pan      | Gained mutation: You are agile. (Dex +2) [potion of mutation]
 71830 | Pan      | Gained mutation: Your spells are a little harder to cast, but a little more powerful. [potion of mutation]
 71830 | Pan      | Gained mutation: You are partially covered in molten scales. (AC +2) [potion of mutation]
 71831 | Pan      | Lost mutation: You are agile. (Dex +2) [potion of mutation]
 71831 | Pan      | Lost mutation: You evolve. [potion of mutation]
 71831 | Pan      | Lost mutation: Your spells are a little harder to cast, but a little more powerful. [potion of mutation]
 71831 | Pan      | Lost mutation: Armour fits poorly on your strangely shaped body. [potion of mutation]
 71831 | Pan      | Lost mutation: You are partially covered in molten scales. (AC +2) [potion of mutation]
 71831 | Pan      | Gained mutation: Armour fits poorly on your strangely shaped body. [potion of mutation]
 71831 | Pan      | Gained mutation: You are occasionally teleported next to monsters. [potion of mutation]
 71831 | Pan      | Gained mutation: You are resistant to hostile enchantments. (MR+) [potion of mutation]
 71832 | Pan      | Lost mutation: You are resistant to hostile enchantments. (MR+) [potion of mutation]
 71832 | Pan      | Lost mutation: Armour fits poorly on your strangely shaped body. [potion of mutation]
 71832 | Pan      | Lost mutation: You are occasionally teleported next to monsters. [potion of mutation]
 71832 | Pan      | Gained mutation: You are resistant to electric shocks. (rElec) [potion of mutation]
 71832 | Pan      | Gained mutation: You have very sharp teeth. [potion of mutation]
 72343 | Pan      | Reached skill level 27 in Invocations
 72361 | Pan      | Noticed Lom Lobon
 72429 | Pan      | Killed Lom Lobon
 72440 | Pan      | Got a magical rune of Zot
 72447 | Pan      | Identified the +4 chain mail of Zocisk {*Contam rElec rPois rCorr} (You found it in Pandemonium)
 72730 | Pan      | Found an exit through the horrors of the Abyss.
 72798 | Pan      | Entered the realm of Mnoleg.
 72805 | Pan      | Found an exit through the horrors of the Abyss.
 73082 | Pan      | Gained mutation: Your magical capacity is low. (-10% MP) [a cacodemon]
 73082 | Pan      | Gained mutation: You are frail. (-10% HP) [a neqoxec]
 73084 | Pan      | Gained mutation: You are weak. (Str -2) [a neqoxec]
 73122 | Pan      | Lost intelligence.
 73126 | Pan      | Noticed Mnoleg
 73270 | Pan      | Gained mutation: You are very frail. (-20% HP) [a cacodemon]
 73329 | Pan      | Gained mutation: You tend to lose your temper in combat. [a cacodemon]
 73410 | Pan      | Lost mutation: You are very frail. (-20% HP) [potion of mutation]
 73410 | Pan      | Lost mutation: You are resistant to electric shocks. (rElec) [potion of mutation]
 73410 | Pan      | Lost mutation: Your magical capacity is low. (-10% MP) [potion of mutation]
 73410 | Pan      | Lost mutation: You tend to lose your temper in combat. [potion of mutation]
 73410 | Pan      | Lost mutation: You are frail. (-10% HP) [potion of mutation]
 73410 | Pan      | Gained mutation: Your mind is acute. (Int +2) [potion of mutation]
 73410 | Pan      | Gained mutation: You are frail. (-10% HP) [potion of mutation]
 73410 | Pan      | Gained mutation: You do not regenerate when monsters are visible. [potion of mutation]
 73410 | Pan      | Gained mutation: You are resistant to hostile enchantments. (MR+) [potion of mutation]
 73411 | Pan      | Lost mutation: Your mind is acute. (Int +2) [potion of mutation]
 73411 | Pan      | Lost mutation: You are weak. (Str -2) [potion of mutation]
 73411 | Pan      | Lost mutation: You are frail. (-10% HP) [potion of mutation]
 73411 | Pan      | Gained mutation: Your movements are slightly less encumbered by armour. (ER -2) [potion of mutation]
 73411 | Pan      | Gained mutation: You are highly resistant to hostile enchantments. (MR++) [potion of mutation]
 73412 | Pan      | Lost mutation: You have very sharp teeth. [potion of mutation]
 73412 | Pan      | Lost mutation: You do not regenerate when monsters are visible. [potion of mutation]
 73412 | Pan      | Lost mutation: You are partially covered in thin metallic scales. (AC +2) [potion of mutation]
 73412 | Pan      | Lost intelligence.
 73412 | Pan      | Gained mutation: You have a pair of small antennae on your head. [potion of mutation]
 73412 | Pan      | Gained mutation: You are frail. (-10% HP) [potion of mutation]
 73412 | Pan      | Gained mutation: Your spells are a little harder to cast, but a little more powerful. [potion of mutation]
 73488 | Pan      | Gained mutation: You are dopey. (Int -2) [a cacodemon]
 73530 | Pan      | Reached skill level 27 in Armour
 73554 | Pan      | Gained mutation: You tend to lose your temper in combat. [a cacodemon]
 73555 | Pan      | Killed Mnoleg
 73557 | Pan      | Gained mutation: You are occasionally teleported next to monsters. [a cacodemon]
 73559 | Pan      | Gained mutation: Your body sometimes deteriorates upon taking damage. [a neqoxec]
 73607 | Pan      | Reached skill level 15 in Dodging
 73613 | Pan      | Gained mutation: You are very frail. (-20% HP) [a cacodemon]
 73696 | Pan      | Got a glowing rune of Zot
 73751 | Pan      | Gained mutation: You expend magic power (3 MP) to strengthen your wands. [a neqoxec]
 73770 | Pan      | Lost intelligence.
 73787 | Pan      | Gained mutation: You are weak. (Str -2) [a neqoxec]
 73802 | Pan      | Gained mutation: Scrolls take you a little longer to read. [a cacodemon]
 73807 | Pan      | Gained mutation: Potions are less effective at restoring your health. [a cacodemon]
 73857 | Pan      | Gained mutation: You are very dopey. (Int -4) [a neqoxec]
 74269 | Pan      | Entered the realm of Cerebov.
 74427 | Pan      | Found an exit through the horrors of the Abyss.
 75020 | Pan      | Noticed Cerebov
 75052 | Pan      | Killed Cerebov
 75098 | Pan      | Identified the +8 plate armour of Tol Bua {Str+4} (You took it off a red devil in Pandemonium)
 75157 | Pan      | Got a translucent bone amulet
 75247 | Pan      | Got a fiery rune of Zot
 75294 | Depths:3 | Escaped Pandemonium
 75504 | D:9      | Fell from the grace of the Shining One
 75504 | D:9      | Became a worshipper of Zin the Law-Giver
 75505 | D:9      | Donated 2308 gold pieces to Zin
 75525 | D:9      | Identified the amulet of the Demon Prince {+Rage MR+++ MP-9} (You took it off a balrug in Pandemonium)
 75695 | Hell     | Entered the Vestibule of Hell
 75695 | Hell     | Noticed Geryon
 75754 | Hell     | Killed Geryon
 75861 | Hell     | Received a gift from Zin
 75861 | Hell     | Lost mutation: You have a pair of small antennae on your head. [Zin's power]
 75861 | Hell     | Lost mutation: You tend to lose your temper in combat. [Zin's power]
 75861 | Hell     | Lost mutation: Scrolls take you a little longer to read. [Zin's power]
 75861 | Hell     | Lost mutation: Your body sometimes deteriorates upon taking damage. [Zin's power]
 75861 | Hell     | Lost mutation: You are very dopey. (Int -4) [Zin's power]
 75861 | Hell     | Lost mutation: You are dopey. (Int -2) [Zin's power]
 75861 | Hell     | Lost mutation: You are very frail. (-20% HP) [Zin's power]
 75861 | Hell     | Lost mutation: You are frail. (-10% HP) [Zin's power]
 75861 | Hell     | Lost mutation: You are highly resistant to hostile enchantments. (MR++) [Zin's power]
 75861 | Hell     | Lost mutation: You are resistant to hostile enchantments. (MR+) [Zin's power]
 75861 | Hell     | Lost mutation: You are occasionally teleported next to monsters. [Zin's power]
 75861 | Hell     | Lost mutation: You are weak. (Str -2) [Zin's power]
 75861 | Hell     | Lost mutation: Your spells are a little harder to cast, but a little more powerful. [Zin's power]
 75861 | Hell     | Lost mutation: Potions are less effective at restoring your health. [Zin's power]
 75861 | Hell     | Lost mutation: You expend magic power (3 MP) to strengthen your wands. [Zin's power]
 75861 | Hell     | Lost mutation: Your movements are slightly less encumbered by armour. (ER -2) [Zin's power]
 75874 | Hell     | Found a gateway to the ashen valley of Gehenna.
 76243 | Slime:5  | Identified the Incunabulum of the Poisonous Mountains
 76553 | Geh:1    | Entered Level 1 of Gehenna
 77217 | Geh:5    | Noticed an ancient lich
 77238 | Geh:5    | Killed an ancient lich
 77406 | Geh:7    | Entered Level 7 of Gehenna
 78336 | Geh:7    | Noticed Asmodeus
 78367 | Geh:7    | Killed Asmodeus
 78393 | Geh:7    | Got an obsidian rune of Zot
 78460 | Hell     | Found a gateway to the Iron City of Dis.
 78481 | Dis:1    | Entered Level 1 of the Iron City of Dis
 79074 | Dis:7    | Entered Level 7 of the Iron City of Dis
 79361 | Dis:7    | zin you useless fuck
 79921 | Dis:7    | Noticed Dispater
 80834 | Dis:7    | Killed Dispater
 80868 | Dis:7    | Got an iron rune of Zot
 81030 | Hell     | Found a gateway to the freezing wastes of Cocytus.
 81106 | Coc:1    | Entered Level 1 of Cocytus
 81801 | Coc:7    | Entered Level 7 of Cocytus
 82217 | Coc:7    | Noticed Antaeus
 82258 | Coc:7    | Killed Antaeus
 82282 | Coc:7    | Got an icy rune of Zot
 82285 | Coc:7    | Identified the ring of Biunepp {MR+ Int+3} (You found it on level 7 of Cocytus)
 82332 | Coc:7    | Identified Xiguduoc's Almanac of Helpful Contamination
 82446 | Coc:7    | jesus fucking christ
 82460 | Coc:7    | omfg fuck off
 82553 | Hell     | Found a gateway to the decaying netherworld of Tartarus.
 82790 | Tar:1    | Entered Level 1 of Tartarus
 83610 | Tar:7    | Entered Level 7 of Tartarus
 83676 | Tar:7    | Killed by the effects of Hell

Vault maps used:
D:1:      dpeg_arrival_circle_labyrinth_a
D:2:      kennysheep_slug_shrine, xom_butterflies
D:3:      uniq_robin
D:4:      grunt_temple_overflow_cloverleaf, temple_doors_ab, serial_shops,
          nicolae_shop_waterfront, nicolae_shop_behind_doors, shop,
          nicolae_shop_crystal, kennysheep_pointless_box
D:5:      lemuel_round_altar, first_bread
D:6:      portal_sewer_entry_b
D:8:      grunt_qazlal_clouds, uniq_joseph
D:9:      lemuel_doored_altar, serial_shops, shop
D:10:     uniq_nergalle, uniq_urug
D:11:     due_lair_maze_entry_diamond, grunt_tengu_nest, uniq_erolcha
D:12:     cheibrodos_frozen_isle, orc_0_dummy, uniq_harold
D:13:     wad_crossroads, david_vaults_4, serial_park_tiny_2, hex_large
D:14:     tso_altar
D:15:     hangedman_depths_entry_try_elsewhere_first, minivault_23
Temple:   nicolae_temple_great_sept
Lair:1:   beast_lair_carwin_2, grunt_megastairs_4, minmay_lair_oklob_chamber,
          infiniplex_staircase_pool_2
Lair:2:   swamp_mist_pool, lightli_volcano_entry_magma_tube,
          columned_hall_lemuel
Lair:3:   spider_nest_entry_rubble, beast_lair_carwin_1
Lair:4:   grunt_megastairs_2, serial_bayou_shore_a, uniq_sonja
Lair:5:   slime_altar_1, uniq_nessos
Lair:6:   cheibrodos_lair_end_hotspot, nicolae_quartered_pool_little,
          minmay_hedge_maze
Swamp:1:  hangedman_swamp_ruin_wall, swamp_pool5
Swamp:2:  evilmike_swamp_ruin_house_1
Swamp:3:  evilmike_swamp_ruin_house_3, uniq_kirke
Swamp:4:  swamp_basic_johnstein, swamp_pool1, uniq_jorgrun
Spider:2: nicolae_orb_island
Spider:3: lemuel_spider_zombies, portal_ice_cave_entry_dragon
Spider:4: grunt_spider_rune_circles
Slime:3:  cheibrodos_slime_lost_civilization_5
Slime:4:  nicolae_slime_pool, uniq_dissolution
Orc:2:    st_orc_open, mumra_transporter_accident, uniq_azrael, uniq_donald
Elf:1:    eino_elf_arrival_customs, orc_legates
Elf:3:    elf_hall, dk_noncrumbling_3, uniq_nikola, uniq_mara
Vaults:1: minmay_guarded_unrand_secular_launcher, nicolae_vaults_theta,
          vaults_dpeg_cross, nicolae_vaults_little_squares_3
Vaults:2: hangedman_vaults_stagger, v_misc_25, v_misc_33,
          ontoclasm_vaults_tryst, minmay_crypt_entry_simple_walls, v_misc_15,
          hangedman_vaults_cutoff, v_alt_pattern_2, hangedman_vaults_capsules,
          ontoclasm_vaults_pinch, ontoclasm_vaults_decontamination,
          nicolae_vaults_three_branches, serial_shops, bzr_entry_dummy
Vaults:3: grunt_vaults_trifunnel, st_greater_box_5, vaults_dpeg_diagonal,
          vaults_room_pools, v_misc_29, vaults_room_door_hall, v_misc_4,
          ontoclasm_vaults_spin, v_misc_2
Vaults:4: nicolae_vaults_puzzle_piece, st_diamondy, ontoclasm_vaults_ring_large,
          v_rooms_6, vaults_room_door_hall, nicolae_vaults_inception_corners,
          v_misc_10, v_misc_24, nicolae_vaults_angled_halls, grunt_vaults_swirl,
          nicolae_vaults_little_squares_6, uniq_jory
Crypt:1:  lemuel_minitomb
Crypt:2:  serial_sigils, serial_sigils_hangedman_gut,
          serial_sigils_hangedman_clutch, serial_sigils_hangedman_gnaw,
          serial_sigils_hangedman_shear, serial_sigils_hangedman_gut,
          uniq_saint_roka
Crypt:3:  due_elkab, nicolae_tomb_entry_rubble_hallway, uniq_mennas
Tomb:3:   uniq_sojobo
Depths:1: grunt_decor_cap, grunt_mini_vestibule, nrook_mini_vaults,
          grunt_ministairs_4, serial_sigils_hangedman_scratch,
          kennysheep_windowed_goal, uniq_bai_suzhen, uniq_asterion
Depths:2: minmay_crystal_thing, serial_shops, bzr_entry_water, hell_entry,
          serial_bayou_lagoon_a
Depths:3: minmay_open_boxes_in_corner, rand_demon_pan_entry_1,
          pf_hell_entry_great_geh, nicolae_ashenzari_panopticon,
          minmay_shop_grove, uniq_aizul, uniq_margery
Depths:4: kennysheep_large_vault, abyss_entry_small_statue_room, hell_entry,
          nicolae_trove_entry_diagonal, minmay_acid_items
Depths:5: evilmike_zot_entry_hall, enter_ziggurat_c, grunt_pan_entry_spiral,
          hangedman_coc_ice_floe, hangedman_abyss_or_decor_passed,
          serial_bayou_shore_b
Dis:4:    nrook_loot_triangle
Dis:7:    dis_st
Geh:5:    special_room
Geh:7:    geh_grunt
Coc:7:    coc_hangedman
Tar:2:    regret_index_dithmenos_brocken_genspenst, nicolae_tar_cuneiform_city
Tar:3:    nicolae_tar_cuneiform_heaven, nicolae_tar_cuneiform_not
Tar:4:    hangedman_restless_catacombs
Tar:5:    nicolae_tar_cuneiform_sun
Tar:7:    tar_grunt_cathedral
Zot:1:    st_small_dragon_hoard_3, grunt_megastairs_3
Zot:2:    kennysheep_oblong_rooms
Zot:3:    hangedman_zot_spectrum, lemuel_elevator
Zot:4:    kennysheep_blocky_room
Pan:      evilmike_mini_pan_diamond, evilmike_mini_pan_diamond,
          evilmike_mini_pan_other_thingy, nicolae_pan_cerebovesque_2,
          nicolae_pan_glass_arcs, nicolae_pan_sigil_eeng, nicolae_pan_diamonds,
          pan_blood_fountain, nicolae_pan_glass_arcs, pan_blood_fountain_small,
          evilmike_mini_pan_T, nicolae_pan_lom_lobonic_4, nicolae_pan_hourglass,
          pan_surprise, nicolae_pan_mnolegish_2, grunt_pan_pentagram,
          gloorx_vloq_st, evilmike_mini_pan_pillars, evilmike_mini_pan_corridor,
          pan_blood_fountain_small, nicolae_pan_mnolegish_1, rand_demon_7,
          evilmike_mini_pan_layers, grunt_pan_zigzag, evilmike_mini_pan_V,
          rand_demon_8, evilmike_mini_pan_corner, grunt_pan_pentagram,
          nicolae_pan_mnolegish_5, nicolae_pan_sick_transit, rand_demon_5,
          special_room, evilmike_mini_pan_possible_glass,
          evilmike_mini_pan_corridor, pan_blood_fountain_small, lom_lobon_grunt,
          evilmike_mini_pan_doors_b, evilmike_mini_pan_pillars_b, mnoleg_grunt,
          nicolae_pan_gloorx_vloqian_1, cerebov, pan_blood_fountain_2,
          nicolae_pan_strange_glyphs, nicolae_pan_lom_lobonic_1
Bazaar:   bazaar_jpeg_circle_common, bazaar_kb_twisted_cavern
Sewer:    sewer_frog_island_02
IceCv:    ice_cave_statue_garden_chambered
Volcano:  volcano_pools

Skill      XL: |  1  2  3  4  5  6  7  8  9 10 11 12 13 14 15 16 17 18 19 20 21 22 23 24 25 26 27 |
---------------+----------------------------------------------------------------------------------+-----
Axes           | 3 4 5 6 8 9 11 13 14 16 19 22 24 25 26 27 | 27.0
Fighting       | 7 8 9 11 13 15 16 17 19 20 21 22 27 | 27.0
Armour         | 6 7 8 10 12 14 15 16 17 18 19 20 27 | 27.0
Evocations     | 2 7 9 10 17 19 | 19.0
Dodging        | 3 5 6 8 10 11 12 13 24 | 24.9
Shields        | 11 16 17 18 19 20 27 | 27.0
Invocations    | 27 | 27.0

Action                   |  1- 3 |  4- 6 |  7- 9 | 10-12 | 13-15 | 16-18 | 19-21 | 22-24 | 25-27 || total
-------------------------+-------+-------+-------+-------+-------+-------+-------+-------+-------++-------
Melee: War axe           |   113 |    62 |       |       |       |       |       |       |       ||   175
       Hand axe          |       |   125 |   492 |   537 |       |       |       |       |       ||  1154
       Executioner's axe |       |       |       |    49 |   713 |   853 |   652 |       |       ||  2267
       Battleaxe         |       |       |       |       |    10 |    71 |       |       |       ||    81
       Broad axe         |       |       |       |       |       |       |   510 |  1449 |  8720 || 10679
       Bite              |       |       |       |       |       |       |       |       |    66 ||    66
Invok: Call Merchant     |       |       |       |       |     2 |     3 |       |     1 |     5 ||    11
       Recite            |       |       |       |       |       |       |       |       |    17 ||    17
       Vitalisation      |       |       |       |       |       |       |       |       |     2 ||     2
       Donate Gold       |       |       |       |       |       |       |       |       |     2 ||     2
       Bribe Branch      |       |       |       |       |       |       |       |       |     2 ||     2
       Imprison          |       |       |       |       |       |       |       |       |     1 ||     1
       Cure All Mutation |       |       |       |       |       |       |       |       |     1 ||     1
       Divine Shield     |       |       |       |       |       |       |       |       |     1 ||     1
       Brand Weapon With |       |       |       |       |       |       |       |       |     1 ||     1
       Renounce Religion |       |       |       |       |       |       |       |       |     1 ||     1
 Abil: Evoke Fog         |       |       |       |       |       |       |       |       |     5 ||     5
Evoke: Wand              |       |       |       |    39 |    25 |    20 |    29 |    17 |    26 ||   156
       Phial of floods   |       |       |       |       |       |       |     1 |     1 |     7 ||     9
       Fan of gales      |       |       |       |       |       |       |       |     1 |     1 ||     2
       Phantom mirror    |       |       |       |       |       |       |       |     1 |       ||     1
       Box of beasts     |       |       |       |       |       |       |       |       |     2 ||     2
  Use: Scroll            |       |     2 |    18 |     9 |    20 |    16 |    14 |    16 |    80 ||   175
       Potion            |       |       |       |     5 |       |     2 |     3 |     7 |    64 ||    81
 Stab: Distracted        |       |       |     1 |     4 |    15 |    20 |    10 |    20 |    20 ||    90
       Confused          |       |       |       |       |       |     5 |       |     2 |    11 ||    18
       Sleeping          |       |       |       |       |       |     1 |       |       |       ||     1
       Petrified         |       |       |       |       |       |       |     9 |       |       ||     9
       Petrifying        |       |       |       |       |       |       |     2 |       |       ||     2
       Paralysed         |       |       |       |       |       |       |       |       |     3 ||     3
  Eat: Chunk             |       |     6 |       |       |       |       |       |       |    21 ||    27
       Fruit             |       |       |     4 |     8 |    15 |     2 |     2 |     7 |    22 ||    60
       Meat ration       |       |       |     2 |       |     2 |       |       |       |     2 ||     6
       Bread ration      |       |       |       |     2 |     2 |     7 |     5 |     5 |    17 ||    38
       Royal jelly       |       |       |       |       |       |       |       |       |     6 ||     6
Armor: Scale mail        |    62 |    41 |       |   194 |   154 |   303 |       |       |       ||   754
       Plate armour      |       |    43 |   193 |    86 |       |   202 |   395 |   209 |   405 ||  1533
       Skin              |       |       |       |    10 |       |       |       |       |       ||    10
       Quicksilver drago |       |       |       |       |   242 |    41 |       |       |       ||   283
       Ring mail         |       |       |       |       |       |   154 |       |       |       ||   154
       Gold dragon scale |       |       |       |       |       |       |       |       |   870 ||   870
Dodge: Dodged            |    42 |    33 |    45 |   130 |   279 |   418 |   312 |   237 |  1170 ||  2666
Block: Shield            |    51 |    75 |   150 |   191 |       |       |   271 |   768 |   973 ||  2479
       Reflection        |       |       |       |       |       |       |    26 |    91 |   182 ||   299
       Large shield      |       |       |       |       |       |       |       |       |  6176 ||  6176
